 Dungeon Crawl Stone Soup version 0.31-a0-1172-g9944ec47dd (webtiles) character file.

Game seed: 13521262970063364171

21 bmb222 the Charlatan (level 2, 21/21 HPs)
             Began as a Demonspawn Artificer on Dec 10, 2023.
             Got out of the dungeon alive.
             The game lasted 00:01:05 (891 turns).

bmb222 the Charlatan (Demonspawn Artificer)          Turns: 891, Time: 00:01:06

Health: 21/21      AC:  3    Str: 12    XL:     2   Next: 65%
Magic:  2/2        EV: 11    Int: 11    God:
Gold:   73         SH:  0    Dex: 13    Spells: 1/1 levels left

rFire   . . .        h - +4 spear
rCold   . . .        (no shield)
rNeg    . . .        b - +0 leather armour
rPois   .            (helmet restricted)
rElec   .            (no cloak)
rCorr   .            (no gloves)
SInv    .            (no boots)
Will    .....        (no amulet)
Stlth   +            (no ring)
HPRegen 0.23/turn    (no ring)
MPRegen 0.08/turn

%: no passive effects
@: no status effects
A: antennae 1
a: no special abilities


You escaped.
You visited 1 branch of the dungeon, and saw 1 of its levels.

You collected 73 gold pieces.

Inventory:

Hand Weapons
 a - a +0 club
 h - a +4 spear (weapon)
Missiles
 f - 5 poisoned darts
Armour
 b - a +0 leather armour (worn)
Wands
 c - a wand of flame (15) (quivered)
 d - a wand of charming (15)
 e - a wand of iceblast (5)
Scrolls
 g - a scroll of vulnerability {unknown}
 j - 3 scrolls of noise {unknown}
 k - a scroll of fog {unknown}
Potions
 i - a potion of curing {unknown}


   Skills:
 * Level 1.4 Fighting
 * Level 0.9 Polearms
 + Level 2.1 Armour
 + Level 1.0 Dodging
 - Level 0.8 Stealth
 - Level 3.2 Evocations


You had one spell level left.
You didn't know any spells.
Your spell library was empty.

Dungeon Overview and Level Annotations

Branches:
Dungeon (1/15)

Altars:


Innate Abilities, Weirdness & Mutations

You have a pair of small antennae on your head.


Message History

No target in view!
You enter the shallow water.
Moving in this stuff is going to be slow.
Key pressed, stopping explore.
No target in view!
You see here a +0 sling.
You enter the shallow water.
Moving in this stuff is going to be slow.
You enter the shallow water.
Moving in this stuff is going to be slow.
You enter the shallow water.
Moving in this stuff is going to be slow.
Done exploring.
No target in view!
Done exploring.
No target in view!
Done exploring.
No target in view!
Done exploring.
No target in view!
Done exploring.
No target in view!
You enter the shallow water.
Moving in this stuff is going to be slow.
You enter the shallow water.
Moving in this stuff is going to be slow.
You enter the shallow water.
Moving in this stuff is going to be slow.
You enter the shallow water.
Moving in this stuff is going to be slow.
You enter the shallow water.
Moving in this stuff is going to be slow.
You enter the shallow water.
Moving in this stuff is going to be slow.
You see here a +0 sling.
You enter the shallow water.
Moving in this stuff is going to be slow.
There is a staircase leading out of the dungeon here.
You can't go down here!
You have escaped!

#.#...# #.......# #.#.# #..≈≈≈
#.#...# #.####..###.#.# #.~≈♣♣
......# ##.###.#..##.#.# #.~≈♣
#÷#.#.#####............#.###..≈♣♣
#.#.#........#.....#...#......≈≈≈
#.#.#######.##.######..#####....~
#.#.# ##...8.....8.........~≈≈≈
#.#.#####....#.....#..######..≈♣♣
#.#..........#(.@..#........)~≈♣
#.#######....#.....#..######.~≈♣♣
#..# ##...8.....8..# #...).≈≈≈
##.# #..######.##.# #.###..~~ #.#
##..#.....#..###.# #.≈≈≈ #.#
#...........#...# #.≈♣♣ #.#
#####.#..######.#.#.# #.≈♣ #.#
#........######.#.#.###~≈♣♣ #.#
#.>÷............#.#....~≈≈≈


There were no monsters in sight!

Vanquished Creatures
  A dart slug (D:1)
  A ball python (D:1)
  2 endoplasms (D:1)
  3 goblins (D:1)
  2 hobgoblins (D:1)
  2 quokkas (D:1)
  3 bats (D:1)
  A frilled lizard (D:1)
  2 kobolds (D:1)
  A rat (D:1)
18 creatures vanquished.

Notes
Turn   | Place    | Note
-------+----------+-------------------------------------------
     0 | D:1      | bmb222 the Demonspawn Artificer began the quest for the
                  | Orb.
     0 | D:1      | Reached XP level 1. HP: 15/15 MP: 1/1
   360 | D:1      | Gained mutation: You have a pair of small antennae on your
                  | head. [demonic ancestry]
   360 | D:1      | Reached XP level 2. HP: 21/21 MP: 2/2
   670 | D:1      | Reached skill level 1 in Dodging
   891 | D:$      | Got out of the dungeon alive.

Illustrated notes

Levels and vault maps discovered:
D:1:      scummos_arrival_simple_crosswalls, layout_loops_ring, kennysheep_boxes

Skill      XL: |  1  2 |
---------------+-------+-----
Armour         | 2 |  2.1
Dodging        | 1 |  1.0
Fighting       | |  1.4
Polearms       | |  0.9
Stealth        | |  0.8
Evocations     | |  3.2

Action                     || total
---------------------------++-------
  Melee: Club              ||    17
         Spear             ||    44
   Stab: Sleeping          ||     1
 Armour: Leather armour    ||    40
  Dodge: Dodged            ||    50

Table legend: (Time is in decaauts)
 A = Elapsed time spent in this place.
 B = Non-inter-level travel time spent in this place.
 C = Inter-level travel time spent in this place.
 D = Time resting spent in this place.
 E = Time spent auto-exploring this place.
 F = Levels seen in this place.
 G = Mean time per level.
                   A        B        C        D        E       F      G
               +--------+--------+--------+--------+--------+-----+--------+
         Total |    926 |    816 |    110 |      0 |    621 |   1 |  926.0 |
       Dungeon |    926 |    816 |    110 |      0 |    621 |   1 |  926.0 |
               +--------+--------+--------+--------+--------+-----+--------+

Top non-repeatable levels by time:
     D:1: 926 daAuts
